 Dungeon Crawl Stone Soup version 0.28-a0-804-g60983d4ba9 (webtiles) character file.

Game seed: 9854444804978841198

80 vurker the Gusty (level 4, 19/19 HPs)
             Began as a Felid Air Elementalist on Nov 7, 2021.
             Quit the game on level 3 of the Dungeon.
             The game lasted 00:03:01 (2730 turns).

vurker the Gusty (Felid Air Elementalist)           Turns: 2730, Time: 00:03:01

Health: 19/19      AC:  1    Str:  4    XL:     4   Next: 18%
Magic:  9/9        EV: 17    Int: 18    God:
Gold:   176        SH:  0    Dex: 16    Spells: 4/9 levels left
                                        Lives:  0   Deaths: 1

rFire   . . .      SeeInvis +   (weapon unavailable)
rCold   . . .      Faith    .   (shield unavailable)
rNeg    . . .      Spirit   .   (armour unavailable)
rPois   .          Reflect  .   (helmet unavailable)
rElec   .          Harm     .   (cloak unavailable)
rCorr   .          Rampage  .   (gloves unavailable)
Will    .....                   (boots unavailable)
Stlth   ++........              (no amulet)
HPRegen 0.06/turn               (no ring)
MPRegen 0.11/turn               (no ring)

@: quick
A: very small, claws 1, fangs 3, see invisible, speed 1, shaggy fur 1, stealthy
paws, no weapons or thrown items, no armour, multi-lived
a: no special abilities


You were on level 3 of the Dungeon.
You visited 1 branch of the dungeon, and saw 3 of its levels.

You collected 176 gold pieces.

Inventory:

Scrolls
 a - 2 scrolls of teleportation {unknown}
 c - a scroll of magic mapping {unknown}
 e - a scroll of noise {unknown}
 h - 2 scrolls of identify {unknown}
Potions
 b - 3 potions of heal wounds {unknown}
 d - 3 potions of invisibility {unknown}
 f - 2 potions of mutation {unknown}
 g - a potion of degeneration {unknown}
 i - 2 potions of haste {unknown}
 j - a potion of magic {unknown}


   Skills:
 + Level 1.8 Fighting
 - Level 2.6 Dodging
 - Level 2.6 Stealth
 * Level 3.3 Spellcasting
 + Level 1.8 Conjurations
 * Level 3.7 Air Magic


You had 4 spell levels left.
You knew the following spells:

 Your Spells              Type           Power      Damage    Failure   Level
a - Shock                 Conj/Air       52%        1d6       4%          1
c - Airstrike             Air            8%         N/A       32%         4

Your spell library contained the following spells:

 Spells                   Type           Power      Damage    Failure   Level
 Static Discharge         Conj/Air       13%        N/A       8%          2
 Swiftness                Air            16%        N/A       10%         3


Dungeon Overview and Level Annotations

Branches:
Dungeon (3/15)

Altars:


Innate Abilities, Weirdness & Mutations

You have sharp claws.
You have razor-sharp teeth.
You have supernaturally acute eyesight. (SInv)
You cover ground quickly. (Speed+)
You are covered in fur. (AC +1)
Your paws help you pounce on unaware monsters.
You are incapable of wielding weapons or throwing items.
You cannot wear armour.
You gain extra lives every three experience levels.


Message History

The zap hits the worm.
You can't see any susceptible monsters within range! (Use Z to cast anyway.)
You can't see any susceptible monsters within range! (Use Z to cast anyway.)
A worm is nearby!
You miscast Shock.
You are very lightly contaminated with residual magic.
Nothing appears to happen.
The zap hits the worm.
The zap hits the worm.
The worm bites you.
The zap hits the worm.
The worm misses you.
The zap hits the worm.
The zap hits the worm.
You kill the worm!
You can't see any susceptible monsters within range! (Use Z to cast anyway.)
Your magical contamination has completely faded away.
You now have 176 gold pieces (gained 9).
Found a stone staircase leading down.
An iguana comes into view.
The iguana hisses angrily.
An iguana is nearby!
An iguana is nearby!
Aim: an iguana (72% to hit)
The zap misses the iguana.
Aim: an iguana (72% to hit)
The zap hits the iguana but does no damage.
Aim: an iguana (72% to hit)
The zap misses the iguana.
You start resting.
An iguana is nearby!
Aim: an iguana (wandering, hasn't noticed you, 72% to hit)
The zap hits the iguana.
The iguana hisses angrily.
You start resting.
An iguana is nearby!
Aim: an iguana (72% to hit)
The zap hits the iguana but does no damage.
The zap misses the iguana.
The zap hits the iguana but does no damage.
The zap misses the iguana.
The zap hits the iguana but does no damage.
The zap hits the iguana.
The iguana barely misses you.
The zap hits the iguana. x2; The iguana bites you!
The zap hits the iguana.
The zap misses the iguana.
The iguana bites you!
* * * LOW HITPOINT WARNING * * *
The zap hits the iguana. x2; The iguana bites you!
You die...
You are now level 4!
You rejoin the land of the living...
Found a pair of gloves.
Found an escape hatch in the ceiling.
Unknown command.

#### #..
#.# #@#
#........
#.#####.#
.[. #<.
#..# #..#
#..#


There were no monsters in sight!

Vanquished Creatures
  An ogre (D:2)
  An adder (D:2)
  3 worms
  7 dart slugs
  3 ball pythons
  2 endoplasms (D:2)
  2 giant cockroaches (D:2)
  2 goblins
  5 hobgoblins
  6 kobolds
  2 bats
  5 frilled lizards
  5 rats
44 creatures vanquished.

Notes
Turn   | Place    | Note
-------+----------+-------------------------------------------
     0 | D:1      | vurker the Felid Air Elementalist began the quest for the
                  | Orb.
     0 | D:1      | Reached XP level 1. HP: 7/7 MP: 4/4
    30 | D:1      | Reached skill level 1 in Conjurations
   326 | D:1      | Reached XP level 2. HP: 12/12 MP: 1/6
   997 | D:2      | Reached XP level 3. HP: 15/15 MP: 2/7
  1068 | D:1      | Reached skill level 1 in Fighting
  2148 | D:2      | Reached XP level 4. HP: 19/19 MP: 5/9
  2227 | D:2      | Noticed an ogre
  2238 | D:2      | Killed an ogre
  2239 | D:2      | Reached XP level 5. HP: 7/22 MP: 3/10
  2554 | D:3      | Learned a level 4 spell: Airstrike
  2729 | D:3      | Slain by an iguana
  2730 | D:3      | Reached XP level 4. HP: -3/19 MP: 3/9
  2730 | D:3      | Quit the game

Illustrated notes

Levels and vault maps discovered:
D:1:      dpeg_arrival_rhombus, layout_rooms, minivault_11, wad_floor_pattern_1
D:2:      minmay_diamond_boxcup, layout_rooms
D:3:      layout_loops_ring, mainiacjoe_overflow_alcove_3, tgw_xom,
          serial_shops, nicolae_diamond_shop, chequers_ecumenical_altar_lobes,
          skrybe_limestone_x

Skill      XL: |  1  2  3  4 |
---------------+-------------+-----
Conjurations   | 1 |  1.8
Air Magic      | 3 |  3.7
Fighting       | 1 |  1.8
Spellcasting   | 3 |  3.3
Dodging        | |  2.6
Stealth        | |  2.6

Action                   |  1- 3 |  4- 6 || total
-------------------------+-------+-------++-------
Melee: Unarmed           |    10 |       ||    10
 Cast: Shock             |    97 |    24 ||   121
Dodge: Dodged            |    16 |     4 ||    20

Table legend: (Time is in decaauts)
 A = Elapsed time spent in this place.
 B = Non-inter-level travel time spent in this place.
 C = Inter-level travel time spent in this place.
 D = Time resting spent in this place.
 E = Time spent auto-exploring this place.
 F = Levels seen in this place.
 G = Mean time per level.
                   A        B        C        D        E       F      G
               +--------+--------+--------+--------+--------+-----+--------+
         Total |   2527 |   2512 |     15 |    333 |   1854 |   3 |  842.3 |
       Dungeon |   2527 |   2512 |     15 |    333 |   1854 |   3 |  842.3 |
               +--------+--------+--------+--------+--------+-----+--------+

Top non-repeatable levels by time:
     D:1: 1229 daAuts
     D:2: 1119 daAuts
     D:3: 178 daAuts
